MID
HARTFORD YARD GOATS @ GREENSBORO GRASSHOPPERS
09/24/2046
 
TOP OF THE 1ST
Hartford Yard Goats batting - Pitching for Greensboro Grasshoppers : LHP Tyler Murders
Pitching: LHP Tyler Murders
Batting: RHB Elias Urbina 0-0: Ball
1-0: Called Strike
1-1: Fly out, F9 (Flyball, 9D, EV 100.0 MPH)
Batting: RHB Bobby Gulsby 0-0: Ground out 5-3 (Groundball, 56, EV 95.6 MPH)
Batting: LHB Chris Salim 0-0: Swinging Strike
0-1: Foul Ball, location: 2F
0-2: Ball
1-2: SINGLE (Line Drive, 9S, EV 88.8 MPH)
Batting: RHB Mike Manchester 0-0: Foul Ball, location: 2F
0-1: Foul Ball, location: 2F
0-2: Ball
Chris Salim is caught stealing 2nd base 2-4
Top of the 1st over - 0 runs, 1 hit, 0 errors, 0 left on base; Hartford 0 - Greensboro 0
BOTTOM OF THE 1ST
Greensboro Grasshoppers batting - Pitching for Hartford Yard Goats : LHP John Mandarino
Pitching: LHP John Mandarino
Batting: RHB Harrie de Kam 0-0: Ball
1-0: Foul Ball, location: 2F
1-1: Ground out U3 (Groundball, 34, EV 89.4 MPH)
Batting: RHB Andy Kelly 0-0: Called Strike
0-1: Ball
1-1: Ball
2-1: Ball
3-1: Foul Ball, location: 2F
3-2: Ground out U3 (Groundball, 13, EV 86.9 MPH)
Batting: RHB Erik Coleman 0-0: Ground out 6-3 (Groundball, 6MS, EV 70.0 MPH)
Bottom of the 1st over - 0 runs, 0 hits, 0 errors, 0 left on base; Hartford 0 - Greensboro 0
TOP OF THE 2ND
Hartford Yard Goats batting - Pitching for Greensboro Grasshoppers : LHP Tyler Murders
Batting: RHB Mike Manchester 0-0: Foul Ball, location: 2F
0-1: Swinging Strike
0-2: Ball
1-2: Strikes out looking
Batting: RHB Matt Fabre 0-0: Foul Ball, location: 2F
0-1: Ball
1-1: Fly out, F8 (Flyball, 78M, EV 85.0 MPH)
Batting: LHB Chris Raymond 0-0: Swinging Strike
0-1: Foul Ball, location: 2F
0-2: Strikes out swinging
Top of the 2nd over - 0 runs, 0 hits, 0 errors, 0 left on base; Hartford 0 - Greensboro 0
BOTTOM OF THE 2ND
Greensboro Grasshoppers batting - Pitching for Hartford Yard Goats : LHP John Mandarino
Batting: RHB Miguel Velasco 0-0: Called Strike
0-1: Foul Ball, location: 2F
0-2: Ball
1-2: Foul Ball, location: 2F
1-2: Strikes out looking
Batting: RHB Larry LeFever 0-0: Ground out 6-3 (Groundball, 6, EV 111.2 MPH)
Batting: RHB Hiromitsu Yamada 0-0: Foul Ball, location: 2F
0-1: Foul Ball, location: 2F
0-2: Ball
1-2: Ground out 6-3 (Groundball, 6S, EV 63.1 MPH)
Bottom of the 2nd over - 0 runs, 0 hits, 0 errors, 0 left on base; Hartford 0 - Greensboro 0
TOP OF THE 3RD
Hartford Yard Goats batting - Pitching for Greensboro Grasshoppers : LHP Tyler Murders
Batting: LHB Roy Riess 0-0: Ball
1-0: Called Strike
1-1: Foul Ball, location: 2F
1-2: Ball
2-2: Strikes out swinging
Batting: RHB Kevin McKasson 0-0: Called Strike
0-1: Ball
1-1: Ball
2-1: SOLO HOME RUN (Flyball, 7D, EV 98.1 MPH), Distance : 381 ft
Batting: LHB Eric Zacher 0-0: Called Strike
0-1: Ball
1-1: Reached on error, E4 (Groundball, 34, EV 84.4 MPH)
Batting: RHB Elias Urbina 0-0: Foul Ball, location: 2F
0-1: Foul Ball, location: 2F
0-2: Foul Ball, location: 2F
0-2: Ball
1-2: Strikes out swinging
Batting: RHB Bobby Gulsby 0-0: Ball
1-0: Foul Ball, location: 2F
1-1: Fly out, F9 (Flyball, 89D, EV 96.9 MPH)
Top of the 3rd over - 1 run, 1 hit, 1 error, 1 left on base; Hartford 1 - Greensboro 0
BOTTOM OF THE 3RD
Greensboro Grasshoppers batting - Pitching for Hartford Yard Goats : LHP John Mandarino
Batting: LHB Ryan Thompson 0-0: Called Strike
0-1: Ball
1-1: Called Strike
1-2: Strikes out swinging
Batting: RHB Chris Riddick 0-0: Called Strike
0-1: Called Strike
0-2: Ball
1-2: SINGLE (Groundball, 56D, EV 99.4 MPH)
Batting: RHB Jeremy Dennis 0-0: Ball
1-0: Called Strike
1-1: Ball
2-1: Called Strike
2-2: Foul Ball, location: 2F
2-2: Strikes out looking
Batting: RHB Harrie de Kam 0-0: Ball
1-0: Called Strike
1-1: Fielders Choice at 2nd, 6-4 (Groundball, 6, EV 78.1 MPH)
Bottom of the 3rd over - 0 runs, 1 hit, 0 errors, 1 left on base; Hartford 1 - Greensboro 0
TOP OF THE 4TH
Hartford Yard Goats batting - Pitching for Greensboro Grasshoppers : LHP Tyler Murders
Batting: LHB Chris Salim 0-0: Ball
1-0: Ball
2-0: Ball
3-0: Called Strike
3-1: Base on Balls
Batting: RHB Mike Manchester 0-0: Ball
1-0: Ball
2-0: Foul Ball, location: 2F
2-1: Reached on error, E6 (Groundball, 6, EV 106.2 MPH)
Chris Salim to second
Batting: RHB Matt Fabre 0-0: Ball
1-0: Ball
2-0: Foul Ball, location: 2F
2-1: Swinging Strike
2-2: Foul Ball, location: 2F
2-2: Foul Ball, location: 2F
2-2: Ball
3-2: Foul Ball, location: 2F
3-2: Foul Ball, location: 2F
3-2: Strikes out swinging
Batting: LHB Chris Raymond 0-0: Called Strike
0-1: SINGLE (Line Drive, 8LS, EV 101.9 MPH)
Chris Salim to third
Mike Manchester to second
Runner from 3rd tries for Home, SAFE, throw by CF to home
Batting: LHB Roy Riess 0-0: Called Strike
0-1: Foul Ball, location: 2F
0-2: Fielders Choice at 2nd, 6-4 (Groundball, 6M, EV 90.6 MPH)
Mike Manchester to third
Batting: RHB Kevin McKasson 0-0: Swinging Strike
0-1: Foul Ball, location: 2F
0-2: Ball
1-2: Ball
2-2: Foul Ball, location: 2F
2-2: Foul Ball, location: 2F
2-2: Strikes out swinging
Top of the 4th over - 1 run, 1 hit, 1 error, 2 left on base; Hartford 2 - Greensboro 0
BOTTOM OF THE 4TH
Greensboro Grasshoppers batting - Pitching for Hartford Yard Goats : LHP John Mandarino
Batting: RHB Andy Kelly 0-0: Ball
1-0: Called Strike
1-1: Ball
2-1: Ball
3-1: Called Strike
3-2: Foul Ball, location: 2F
3-2: Strikes out looking
Batting: RHB Erik Coleman 0-0: Foul Ball, location: 2F
0-1: Ball
1-1: Ball
2-1: Fly out, F3 (Popup, 3SF, EV 73.8 MPH)
Batting: RHB Miguel Velasco 0-0: Ball
1-0: Ball
2-0: Foul Ball, location: 2F
2-1: Ball
3-1: Base on Balls
Batting: RHB Larry LeFever 0-0: Called Strike
0-1: Ball
1-1: Swinging Strike
1-2: Strikes out swinging
Bottom of the 4th over - 0 runs, 0 hits, 0 errors, 1 left on base; Hartford 2 - Greensboro 0
TOP OF THE 5TH
Hartford Yard Goats batting - Pitching for Greensboro Grasshoppers : LHP Tyler Murders
Batting: LHB Eric Zacher 0-0: Foul Ball, location: 2F
0-1: Swinging Strike
0-2: Ball
1-2: Ball
2-2: Foul Ball, location: 2F
2-2: Ball
3-2: Strikes out swinging
Batting: RHB Elias Urbina 0-0: Called Strike
0-1: Swinging Strike
0-2: Ground out U3 (Groundball, 34, EV 98.8 MPH)
Batting: RHB Bobby Gulsby 0-0: Ball
1-0: Ball
2-0: Ball
3-0: Base on Balls
Batting: LHB Chris Salim 0-0: Called Strike
0-1: Called Strike
0-2: Strikes out swinging
Top of the 5th over - 0 runs, 0 hits, 0 errors, 1 left on base; Hartford 2 - Greensboro 0
BOTTOM OF THE 5TH
Greensboro Grasshoppers batting - Pitching for Hartford Yard Goats : LHP John Mandarino
Batting: RHB Hiromitsu Yamada 0-0: DOUBLE (Flyball, 8LXD, EV 105.6 MPH)
Batting: LHB Ryan Thompson 0-0: Ball
Passed Ball!
Hiromitsu Yamada to third
1-0: Ball
2-0: Foul Ball, location: 2F
2-1: Called Strike
2-2: Ball
3-2: Strikes out swinging
Batting: RHB Chris Riddick 0-0: Swinging Strike
0-1: Ball
1-1: Foul Ball, location: 2F
1-2: Ground out 6-3 (Groundball, 6, EV 79.4 MPH)
Hiromitsu Yamada scores
Batting: RHB Jeremy Dennis 0-0: Called Strike
0-1: Foul Ball, location: 2F
0-2: Ball
1-2: Foul Ball, location: 2F
1-2: Strikes out looking
Bottom of the 5th over - 1 run, 1 hit, 0 errors, 0 left on base; Hartford 2 - Greensboro 1
TOP OF THE 6TH
Hartford Yard Goats batting - Pitching for Greensboro Grasshoppers : LHP Tyler Murders
Batting: RHB Mike Manchester 0-0: Ball
1-0: Foul Ball, location: 2F
1-1: Swinging Strike
1-2: Ball
2-2: Strikes out swinging
Batting: RHB Matt Fabre 0-0: Called Strike
0-1: Swinging Strike
0-2: Foul Ball, location: 2F
0-2: Strikes out swinging
Batting: LHB Chris Raymond 0-0: Ball
1-0: Swinging Strike
1-1: Foul Ball, location: 2F
1-2: Strikes out looking
Top of the 6th over - 0 runs, 0 hits, 0 errors, 0 left on base; Hartford 2 - Greensboro 1
BOTTOM OF THE 6TH
Greensboro Grasshoppers batting - Pitching for Hartford Yard Goats : LHP John Mandarino
Batting: RHB Harrie de Kam 0-0: Ball
1-0: Ball
2-0: Called Strike
2-1: Called Strike
2-2: Strikes out swinging
Batting: RHB Andy Kelly 0-0: Ball
1-0: Swinging Strike
1-1: Ground out 5-3 (Groundball, 56, EV 85.6 MPH)
Batting: RHB Erik Coleman 0-0: Called Strike
0-1: Called Strike
0-2: SINGLE (Groundball, 6MD, EV 110.0 MPH) (infield hit)
Batting: RHB Miguel Velasco 0-0: Called Strike
0-1: Ball
1-1: Ball
2-1: Called Strike
2-2: Strikes out swinging
Bottom of the 6th over - 0 runs, 1 hit, 0 errors, 1 left on base; Hartford 2 - Greensboro 1
TOP OF THE 7TH
Hartford Yard Goats batting - Pitching for Greensboro Grasshoppers : LHP Tyler Murders
Batting: LHB Roy Riess 0-0: Ball
1-0: Ball
2-0: Ground out 3-1 (Groundball, 34S, EV 81.9 MPH)
Batting: RHB Kevin McKasson 0-0: Ball
1-0: Ball
2-0: Ball
3-0: Base on Balls
Pitching: RHP James Bitner
Batting: LHB Eric Zacher 0-0: Ball
1-0: DOUBLE (Line Drive, 78D, EV 110.6 MPH)
Kevin McKasson to third
Batting: RHB Elias Urbina 0-0: SINGLE (Flyball, 78S, EV 94.4 MPH)
Kevin McKasson scores
Eric Zacher to third
Batting: RHB Bobby Gulsby 0-0: Called Strike
0-1: Ball
1-1: Ball
2-1: SINGLE (Groundball, 6, EV 106.2 MPH)
Eric Zacher scores
Elias Urbina to second
Batting: LHB Chris Salim 0-0: Ball
1-0: Ball
2-0: Ball
3-0: Base on Balls
Elias Urbina to third
Bobby Gulsby to second
Batting: RHB Mike Manchester 0-0: Ball
1-0: Ball
2-0: Ball
3-0: Called Strike
3-1: Base on Balls
Elias Urbina scores
Bobby Gulsby to third
Chris Salim to second
Batting: RHB Matt Fabre 0-0: Ball
1-0: Called Strike
1-1: SINGLE (Flyball, 9, EV 88.8 MPH)
Bobby Gulsby scores
Chris Salim to third
Mike Manchester to second
Pitching: RHP Mike Yorke
Batting: LHB Chris Raymond 0-0: Ball
1-0: Foul Ball, location: 2F
1-1: SINGLE (Line Drive, 6MD, EV 100.6 MPH)
Chris Salim scores
Mike Manchester to third
Matt Fabre to second
Runner from 3rd tries for Home, throw by CF and OUT! 8-2
Batting: LHB Roy Riess 0-0: Called Strike
0-1: Ball
1-1: Fly out, F6 (Popup, 5D, EV 65.6 MPH)
Top of the 7th over - 5 runs, 5 hits, 0 errors, 2 left on base; Hartford 7 - Greensboro 1
BOTTOM OF THE 7TH
Greensboro Grasshoppers batting - Pitching for Hartford Yard Goats : LHP John Mandarino
Pitching: RHP Alberto Cordovi
Batting: RHB Larry LeFever 0-0: Ball
1-0: Called Strike
1-1: Ball
2-1: Foul Ball, location: 2F
2-2: Strikes out swinging
Batting: RHB Hiromitsu Yamada 0-0: Called Strike
0-1: Called Strike
0-2: Strikes out swinging
Batting: LHB Ryan Thompson 0-0: Ball
1-0: Called Strike
1-1: Ball
2-1: Called Strike
2-2: Strikes out swinging
Bottom of the 7th over - 0 runs, 0 hits, 0 errors, 0 left on base; Hartford 7 - Greensboro 1
TOP OF THE 8TH
Hartford Yard Goats batting - Pitching for Greensboro Grasshoppers : RHP Mike Yorke
Batting: RHB Kevin McKasson 0-0: Called Strike
0-1: Ball
1-1: Ball
2-1: Fly out, F8 (Flyball, 8LM, EV 89.4 MPH)
Batting: LHB Eric Zacher 0-0: Ball
1-0: Foul Ball, location: 2F
1-1: SINGLE (Groundball, 6MD, EV 94.4 MPH)
Batting: RHB Elias Urbina 0-0: Ball
1-0: Ball
2-0: Called Strike
2-1: Fielders Choice at 2nd, 6-4 (Groundball, 6, EV 104.4 MPH)
Batting: RHB Bobby Gulsby 0-0: SINGLE (Line Drive, 5D, EV 99.4 MPH)
Elias Urbina to second
Pitching: LHP Melvin Castro
Batting: LHB Chris Salim 0-0: Ground out 2-3 (Groundball, 13S, EV 75.0 MPH)
Top of the 8th over - 0 runs, 2 hits, 0 errors, 2 left on base; Hartford 7 - Greensboro 1
BOTTOM OF THE 8TH
Greensboro Grasshoppers batting - Pitching for Hartford Yard Goats : RHP Alberto Cordovi
Batting: RHB Chris Riddick 0-0: Swinging Strike
0-1: Ball
1-1: Ball
2-1: Foul Ball, location: 2F
2-2: Strikes out swinging
Batting: RHB Jeremy Dennis 0-0: Ball
1-0: Foul Ball, location: 2F
1-1: Ball
2-1: Foul Ball, location: 2F
2-2: Strikes out looking
Batting: RHB Harrie de Kam 0-0: Swinging Strike
0-1: Foul Ball, location: 2F
0-2: Strikes out swinging
Bottom of the 8th over - 0 runs, 0 hits, 0 errors, 0 left on base; Hartford 7 - Greensboro 1
TOP OF THE 9TH
Hartford Yard Goats batting - Pitching for Greensboro Grasshoppers : LHP Melvin Castro
Batting: RHB Mike Manchester 0-0: Ball
1-0: Fly out, F9 (Flyball, 9, EV 91.9 MPH)
Batting: RHB Matt Fabre 0-0: Foul Ball, location: 2F
0-1: Fly out, F7 (Flyball, 7D, EV 80.6 MPH)
Batting: LHB Chris Raymond 0-0: Called Strike
0-1: Foul Ball, location: 2F
0-2: Ball
1-2: SOLO HOME RUN (Flyball, 9D, EV 101.9 MPH), Distance : 391 ft
Batting: LHB Roy Riess 0-0: Ball
1-0: DOUBLE (Line Drive, 78D, EV 109.4 MPH)
Batting: RHB Kevin McKasson 0-0: Called Strike
0-1: Ball
1-1: Foul Ball, location: 2F
1-2: Ball
2-2: Foul Ball, location: 2F
2-2: Ball
3-2: Base on Balls
Pitching: RHP Dan Durand
Batting: LHB Eric Zacher 0-0: Ground out 5-3 (Groundball, 25, EV 90.6 MPH)
Top of the 9th over - 1 run, 2 hits, 0 errors, 2 left on base; Hartford 8 - Greensboro 1
BOTTOM OF THE 9TH
Greensboro Grasshoppers batting - Pitching for Hartford Yard Goats : RHP Alberto Cordovi
Batting: RHB Andy Kelly 0-0: Fly out, F5 (Popup, 5SF, EV 76.9 MPH)
Batting: RHB Erik Coleman 0-0: SINGLE (Groundball, 4M, EV 103.1 MPH) (infield hit)
Batting: RHB Miguel Velasco 0-0: Ball
1-0: Ball
2-0: Ball
3-0: Base on Balls
Erik Coleman to second
Batting: RHB Larry LeFever 0-0: Ball
1-0: Ball
2-0: Called Strike
2-1: Swinging Strike
2-2: Foul Ball, location: 2F
2-2: Ball
3-2: Foul Ball, location: 2F
3-2: Foul Ball, location: 2F
3-2: Strikes out swinging
Batting: RHB Hiromitsu Yamada 0-0: SINGLE (Groundball, 56S, EV 68.1 MPH) (infield hit)
Erik Coleman to third
Miguel Velasco to second
Pitching: RHP Javier Leon
Batting: LHB Ryan Thompson 0-0: Ball
1-0: Called Strike
1-1: Called Strike
1-2: Foul Ball, location: 2F
1-2: Strikes out swinging
Bottom of the 9th over - 0 runs, 2 hits, 0 errors, 3 left on base; Hartford 8 - Greensboro 1
Tuesday, September 13th , 2022 - OOTP Baseball 23.7 Build 88